 Dungeon Crawl Stone Soup version 0.25-a0-939-g1e880d33e3 (webtiles) character file.

Game seed: 15590612589967174027, levelgen mode: deterministic

4127 Pixllover the Cleaver (level 10, -12/129 HPs)
             Began as a Hill Orc Berserker on May 5, 2020.
             Was a High Priest of Trog.
             Mangled by an orc warrior
             ... wielding a +0 trident
              (18 damage)
             ... on level 8 of the Dungeon.
             The game lasted 00:21:15 (8194 turns).

Pixllover the Cleaver (Hill Orc Berserker)          Turns: 8194, Time: 00:21:16

Health: -12/129    AC: 11    Str: 24    XL:     10   Next: 27%
Magic:  10/10      EV: 11    Int:  7    God:    Trog [*****.]
Gold:   371        SH:  0    Dex: 10    Spells: 9/9 levels left

rFire    . . .     SeeInvis .   E - +1 battleaxe (curse)
rCold    + . .     Gourm    .   (shield currently unavailable)
rNeg     . . .     Faith    .   m - +0 scale mail
rPois    .         Spirit   .   o - +1 helmet
rElec    .         Reflect  .   x - scarf {cloud immunity}
rCorr    .         Harm     .   (no gloves)
MR       .....                  z - +0 pair of boots
Stlth    ..........             f - amulet of regeneration
HPRegen  0.71/turn              d - ring of protection from cold
MPRegen  0.12/turn              u - ring of flight

@: berserking, very quick
A: no striking features
a: Berserk, Trog's Hand, Brothers in Arms, Renounce Religion, Evoke Flight


You were on level 8 of the Dungeon.
You worshipped Trog.
Trog was extremely pleased with you.
You were hungry.

You visited 1 branch of the dungeon, and saw 8 of its levels.

You collected 371 gold pieces.

Inventory:

Hand Weapons
 a - a +0 mace
 e - a +0 hand axe of flaming
 E - a cursed +1 battleaxe (weapon)
Missiles
 y - 3 atropa-tipped darts (quivered)
 B - 3 javelins
Armour
 m - a +0 scale mail (worn)
 o - a +1 helmet (worn)
 x - a scarf of cloud immunity (worn)
 z - a +0 pair of boots (worn)
 A - the +0 leather armour "Uleu" {MR+ Dex+5 SInv}
   (You found it on level 4 of the Dungeon)

   It affects your dexterity (+5).
   It affects your resistance to hostile enchantments.
   It lets you see invisible.
Jewellery
 d - a ring of protection from cold (left hand)
 f - an amulet of regeneration (around neck)
 u - a ring of flight (right hand)
 H - an uncursed ring of poison resistance
Wands
 n - a wand of random effects (19)
 C - a wand of polymorph (10)
Scrolls
 b - 3 scrolls of identify
 j - 3 scrolls of enchant armour
 p - a scroll of fear {unknown}
 q - a scroll of random uselessness
 r - 4 scrolls of teleportation
 G - a scroll of remove curse
Potions
 g - 2 potions of magic {unknown}
 h - a potion of heal wounds {unknown}
 i - a potion of cancellation {unknown}
 k - a potion of berserk rage {unknown}
 l - 5 potions of brilliance
 s - a potion of invisibility {unknown}
 t - 5 potions of curing
 v - a potion of might {unknown}
 w - a potion of degeneration {unknown}
 D - 2 potions of haste {unknown}
Comestibles
 c - 19 rations
 F - 14 chunks of flesh


   Skills:
 + Level 7.5 Fighting
 + Level 13.0(13.4) Axes
 + Level 4.8(8.7) Maces & Flails
 + Level 7.3 Armour
 + Level 3.9 Dodging
 + Level 1.1 Stealth
 + Level 0.5 Evocations


You had 9 spell levels left.
You didn't know any spells.
Your spell library was empty.

Dungeon Overview and Level Annotations

Branches:
Dungeon (8/15)             Temple (0/1) D:4
   Lair: D:8-11

Altars:
Cheibriados
Dithmenos
Hepliaklqana
Kikubaaqudgha
Qazlal
Ru
Vehumet
Wu Jian
Xom
Yredelemnul
Zin
The Shining One

Shops:
D:8 %


Message History

* * * LOW HITPOINT WARNING * * *
The orc warrior barely misses you. The crimson imp hits you.
* * * LOW HITPOINT WARNING * * *
You closely miss the orc warrior.
The orc warrior is moderately wounded.
You slash the orc!
You kill the orc!
Trog accepts your kill.
You miss the crimson imp. The orc warrior closely misses you.
The crimson imp lashes its tail.
The crimson imp closely misses you.
You hit the orc warrior.
The orc warrior is severely wounded.
You slash the crimson imp!
You kill the crimson imp!
Trog accepts your kill.
You barely miss the orc warrior.
The orc warrior is severely wounded.
The orc warrior hits you with a +0 trident!!
You die...

..#.##..### #..........#...##
............# #..........#...#
..........#.###...#########.##
#...#.#..........## ...
.#......#.###### #.#.
..#.#.......####### #.#..
###.#..##.#.#.....# #.. .
#[..(..(#.......#
##......)(@o....#
##..####)#)......
#.............##
#.#####.##.##.# . #.# .# # #.
#.. .. ### ##


You could see an orc warrior.

Vanquished Creatures
  A hippogriff (D:7)
  Sigmund (D:5)
  A water moccasin (D:7)
  3 orc warriors
  A sky beast (D:5)
  A black bear (D:7)
  2 ice beasts
  5 ogres
  4 centaurs
  A big kobold (D:5)
  Blork the orc (D:5)
  5 bullfrogs
  A scorpion (D:4)
  9 wights
  3 crimson imps
  A bullfrog zombie (D:6)
  3 bullfrog skeletons
  A centaur skeleton (D:4)
  7 hounds
  9 orc wizards
  6 orc priests
  2 jellies (D:7)
  An iguana (D:7)
  Terence (D:2)
  6 worker ants (D:4)
  A hound zombie (D:7)
  A hound skeleton (D:5)
  A howler monkey zombie (D:6)
  2 worker ant zombies
  4 gnolls (D:2)
  2 adders
  A shadow imp (D:5)
  3 oozes
  An adder skeleton (D:6)
  3 worms
  A dart slug (D:1)
  5 leopard geckos
  33 orcs
  3 ball pythons
  10 bats
  7 giant cockroaches
  11 goblins
  8 hobgoblins
  9 jackals
  9 kobolds
  5 quokkas
  5 frilled lizards
  A giant cockroach zombie (D:6)
  10 rats
212 creatures vanquished.

Vanquished Creatures (others)
  An adder skeleton (D:7)
1 creature vanquished.

Grand Total: 213 creatures vanquished

Notes
Turn   | Place    | Note
-------+----------+-------------------------------------------
     0 | D:1      | Pixllover the Hill Orc Berserker began the quest for the
                  | Orb.
     0 | D:1      | Reached XP level 1. HP: 19/19 MP: 1/1
   186 | D:1      | Reached XP level 2. HP: 23/27 MP: 2/2
   662 | D:1      | Reached XP level 3. HP: 17/33 MP: 3/3
   978 | D:1      | Reached ** piety under Trog
  1817 | D:2      | Noticed Terence
  1829 | D:2      | Killed Terence
  1829 | D:2      | Reached XP level 4. HP: 24/41 MP: 4/4
  2166 | D:2      | Found a shimmering altar of Xom.
  2403 | D:2      | Reached XP level 5. HP: 34/47 MP: 5/5
  2403 | D:2      | Reached skill level 1 in Axes
  2886 | D:3      | Reached *** piety under Trog
  2984 | D:3      | Found an ornate altar of the Wu Jian Council.
  3183 | D:3      | Found a glowing golden altar of the Shining One.
  3430 | D:3      | Found an ancient bone altar of Kikubaaqudgha.
  3437 | D:3      | Found a hazy altar of Hepliaklqana.
  3448 | D:3      | Found a stormy altar of Qazlal.
  3457 | D:3      | Found a snail-covered altar of Cheibriados.
  3462 | D:3      | Found a basalt altar of Yredelemnul.
  3471 | D:3      | Found a glowing silver altar of Zin.
  3477 | D:3      | Found a radiant altar of Vehumet.
  3816 | D:3      | Reached skill level 2 in Axes
  3908 | D:4      | Found a staircase to the Ecumenical Temple.
  3971 | D:4      | Reached skill level 3 in Axes
  3971 | D:4      | Reached XP level 6. HP: 50/53 MP: 6/6
  4166 | D:4      | Reached skill level 5 in Fighting
  4166 | D:4      | Reached skill level 4 in Axes
  4201 | D:4      | Reached XP level 7. HP: 61/61 MP: 7/7
  4236 | D:4      | Reached skill level 5 in Axes
  4415 | D:4      | Got an encrusted leather armour
  4439 | D:4      | Identified the cursed +0 leather armour "Uleu" {MR+ Dex+5
                  | SInv} (You found it on level 4 of the Dungeon)
  4507 | D:4      | Reached skill level 6 in Axes
  4752 | D:5      | Entered Level 5 of the Dungeon
  4783 | D:5      | Noticed Blork the orc
  4784 | D:5      | Noticed Sigmund
  4800 | D:5      | Killed Blork the orc
  4815 | D:5      | Killed Sigmund
  4815 | D:5      | Reached XP level 8. HP: 20/68 MP: 8/8
  4895 | D:5      | Found a sacrificial altar of Ru.
  4907 | D:5      | Reached skill level 7 in Axes
  4907 | D:5      | Reached skill level 5 in Armour
  5046 | D:5      | Reached **** piety under Trog
  5245 | D:5      | Found a shadowy altar of Dithmenos.
  5259 | D:5      | Reached skill level 8 in Axes
  5828 | D:6      | Reached skill level 9 in Axes
  5828 | D:6      | Reached XP level 9. HP: 73/75 MP: 9/9
  6539 | D:6      | Reached ***** piety under Trog
  6543 | D:6      | Reached skill level 10 in Axes
  6686 | D:6      | Reached skill level 1 in Stealth
  7051 | D:7      | Reached skill level 11 in Axes
  7371 | D:7      | Reached skill level 12 in Axes
  7377 | D:7      | Reached XP level 10. HP: 55/86 MP: 10/10
  7998 | D:8      | Found Boxatihe's Food Shoppe.
  8183 | D:8      | Reached skill level 13 in Axes
  8191 | D:8      | HP: 6/129 [orc/+0 dagger (2)]
  8194 | D:8      | Mangled by an orc warrior

Levels and vault maps discovered:
D:1:      minmay_arrival_glassed_features, layout_basic
D:2:      layout_basic, overflow_temple_1_default, uniq_terence
D:3:      layout_loops_corners, nicolae_overflow_crystal_walls,
          grunt_temple_overflow_octagram, tso_metal_star, first_ration
D:4:      layout_basic, minmay_temple_entry_statues_pillars
D:5:      layout_basic, nicolae_dithmenos_the_darkroom, nicolae_ru_awakened_eye,
          uniq_blork_the_orc, uniq_sigmund
D:6:      layout_gridville, minmay_small_thing
D:7:      layout_loops_corners, solitary_fountain, grunt_ogre_cave
D:8:      layout_loops_cross, serial_shops, nicolae_shop_trees, uniq_harold

Skill      XL: |  1  2  3  4  5  6  7  8  9 10 |
---------------+-------------------------------+-----
Fighting       | 4 5 6 7 |  7.5
Maces & Flails | 4 |  4.8
Dodging        | 2 3 |  3.9
Axes           | 3 4 6 9 12 13 | 13.0
Armour         | 3 4 6 7 |  7.3
Stealth        | 1 |  1.1
Evocations     | |  0.5

Action                   |  1- 3 |  4- 6 |  7- 9 | 10-12 || total
-------------------------+-------+-------+-------+-------++-------
Melee: Mace              |   112 |    17 |       |       ||   129
       Hand axe          |       |   161 |   288 |       ||   449
       Battleaxe         |       |       |   114 |    69 ||   183
Invok: Berserk           |       |     1 |       |     1 ||     2
Evoke: Wand              |       |       |     3 |       ||     3
  Use: Scroll            |       |     8 |     3 |     1 ||    12
       Potion            |       |       |     2 |       ||     2
  Eat: Chunk             |     3 |     8 |    11 |     3 ||    25
Armor: Animal skin       |    40 |       |       |       ||    40
       Scale mail        |       |    90 |   211 |    24 ||   325
Dodge: Dodged            |    92 |   121 |   214 |    60 ||   487

Table legend:
 A = Non-vault XP
 B = Vault XP
 C = Vault XP percentage of total XP
 D = Non-vault monster count
 E = Vault monster count
 F = Vault count percentage of total count
                 A         B        C        D         E       F
            +---------+---------+-------+---------+---------+-------
      Total |    5381 |     515 |   8.7 |     207 |       5 |   2.4
            +---------+---------+-------+---------+---------+-------
        D:1 |      64 |       0 |   0.0 |      33 |       0 |   0.0
        D:2 |     108 |      32 |  22.9 |      27 |       1 |   3.6
        D:3 |      37 |       0 |   0.0 |      15 |       0 |   0.0
        D:4 |     705 |       0 |   0.0 |      20 |       0 |   0.0
        D:5 |     627 |     303 |  32.6 |      17 |       2 |  10.5
        D:6 |    1241 |      59 |   4.5 |      43 |       1 |   2.3
        D:7 |    2227 |     121 |   5.2 |      38 |       1 |   2.6
        D:8 |     372 |       0 |   0.0 |      14 |       0 |   0.0
            +---------+---------+-------+---------+---------+-------
